Map: Dusty Gorge

Players

PureLegacy - Winner!

  • Race: Terran Terran
  • Spawn Location: 5:00

MightyBeast - Winner!

  • Race: Protoss Protoss
  • Spawn Location: 3:00

AcroX

  • Race: Terran Terran
  • Spawn Location: 11:00

Stroid

  • Race: Zerg Zerg
  • Spawn Location: 9:00

VOD

Have the link to the VOD?

Description

Time

  • Played on: Nov. 20, 2018, 1:18 p.m.
  • Length: 7:33
Show
View Real Time Build Order
Export as new Build Order

PureLegacy Terran - Winner!

Build Orders:  

Get SALT Encoding   

  12  0:05  SCV  
  13  0:17  SCV  
  14  0:22  Supply Depot  
  14  0:29  SCV  
  14  0:32  Refinery  
  15  0:44  SCV  
  16  0:50  Barracks  
  16  0:56  SCV  
  17  1:04  Barracks  
  17  1:19  Barracks  
  17  1:23  SCV  
  18  1:37  Reaper  
  19  1:42  Orbital Command  
  19  1:49  Refinery  
  19  1:53  Reaper  
  20  2:06  Reaper, Supply Depot  
  21  2:16  Reaper  
  21  2:19  SCV  
  23  2:28  Reaper  
  24  2:30  Supply Depot  
  24  2:36  SCV  
  25  2:40  Reaper  
  26  2:48  Reaper, SCV  
  28  3:00  SCV  
  28  3:03  Reaper  
  30  3:15  SCV  
  30  3:18  Reaper  
  31  3:22  Command Center  
  31  3:28  SCV  
  31  3:33  Reaper  
  32  3:37  Reaper  
  33  3:53  Reaper  
  33  3:54  SCV  
  35  4:07  Reaper  
  35  4:21  SCV  
  30  4:33  SCV  
  30  4:35  Barracks  
  30  4:36  Barracks, Barracks Reactor, Barracks Tech Lab  
  29  4:40  Factory  
  29  4:45  SCV  
  30  4:52  Marine  
  31  4:57  Marine, Stimpack, SCV  
  33  5:10  Marine  
  33  5:11  Orbital Command  
  33  5:12  SCV  
  33  5:13  Marine x2  
  37  5:18  Marine  
  38  5:24  Marine x2, SCV  
  38  5:26  Starport  
  38  5:28  Factory Reactor  
  41  5:31  Marine x2  
  41  5:32  Marine  
  44  5:42  Marine x3  
  46  5:44  SCV x2  
  46  5:47  Supply Depot  
  49  5:51  Marine x3  
  49  5:56  SCV x2  
  54  5:58  Supply Depot  
  50  6:13  Barracks Reactor x3  
  50  6:14  SCV x2  
  52  6:19  Medivac x2  
  52  6:25  Engineering Bay x2  
  56  6:26  SCV  
  56  6:27  SCV  
  58  6:38  Marine x3, Refinery x2  
  58  6:39  SCV x2  
  63  6:47  Supply Depot  
  63  6:49  Supply Depot  
  63  6:51  SCV x2  
  65  6:55  Marine x5  
  72  7:08  SCV x2  
  72  7:10  Supply Depot  
  72  7:12  Supply Depot  
  72  7:22  Armory  
Show
View Real Time Build Order
Export as new Build Order

MightyBeast Protoss - Winner!

Build Orders:  

Get SALT Encoding   

  1  0:00  Probe  
  12  0:05  Probe  
  14  0:15  Probe  
  15  0:22  Pylon  
  15  0:40  Probe  
  16  0:45  Gateway  
  16  0:49  Assimilator  
  16  0:52  Probe  
  17  1:00  Probe  
  18  1:08  Probe  
  18  1:12  Assimilator  
  18  1:17  Pylon  
  19  1:18  Probe  
  20  1:30  Probe  
  21  1:35  Cybernetics Core  
  21  1:42  Probe  
  24  2:01  Pylon  
  24  2:11  Zealot  
  24  2:18  Probe  
  22  2:30  Probe  
  23  2:41  Probe  
  23  2:42  Nexus  
  24  3:04  Probe  
  25  3:16  Probe  
  25  3:18  Pylon, Adept  
  28  3:42  Probe  
  28  3:45  Adept  
  31  3:54  Probe  
  32  3:59  Probe  
  32  4:02  Probe, Twilight Council  
  33  4:07  Probe  
  34  4:10  Probe, Pylon  
  34  4:13  Warp Gate  
  36  4:17  Stalker  
  38  4:28  Blink  
  38  4:34  Pylon  
  38  4:43  Gateway  
  38  4:46  Gateway  
  38  4:51  Probe x2  
  40  4:59  Robotics Facility  
  40  5:03  Probe x2  
  42  5:11  Stalker  
  42  5:12  Probe x2  
  44  5:20  Probe x2  
  46  5:28  Pylon  
  48  5:29  Stalker  
  48  5:33  Stalker  
  52  5:39  Pylon  
  52  5:47  Immortal  
  56  6:04  Robotics Bay  
  56  6:17  Probe x2  
  58  6:19  Assimilator  
  58  6:24  Assimilator  
  58  6:26  Zealot x3, Immortal  
  58  6:29  Probe x2  
  70  6:36  Nexus  
  70  6:43  Probe x2  
  72  6:50  Pylon  
  72  6:55  Probe x2  
  74  7:02  Robotics Facility  
  74  7:03  Pylon  
  74  7:10  Shield Battery  
  74  7:15  Probe x2  
  76  7:29  Stalker x3  
Show
View Real Time Build Order
Export as new Build Order

AcroX Terran 

Build Orders:  

Get SALT Encoding   

  12  0:02  SCV  
  13  0:15  SCV  
  14  0:28  SCV  
  14  0:29  Supply Depot  
  15  0:45  Refinery  
  15  0:51  SCV  
  15  0:54  Barracks  
  16  1:03  SCV  
  17  1:15  SCV  
  18  1:27  SCV  
  19  1:35  Refinery  
  19  1:39  SCV  
  20  1:42  Reaper, Supply Depot  
  21  2:23  Factory  
  22  2:30  Orbital Command  
  22  2:31  Barracks Reactor  
  22  2:34  Command Center  
  21  2:40  Supply Depot  
  21  3:03  SCV  
  21  3:04  Engineering Bay  
  22  3:13  Starport  
  22  3:15  Hellion x2, Barracks Tech Lab  
  22  3:16  SCV  
  27  3:36  Hellion x2  
  27  3:37  SCV  
  31  3:42  Marauder  
  31  4:01  Hellion x2  
  7  4:28  SCV  
  8  4:41  SCV  
  9  5:05  Hellion  
  11  5:20  Marauder  
  13  5:37  Starport Reactor  
  13  5:38  SCV  
  13  5:40  SCV  
  15  5:50  SCV  
  15  5:52  SCV  
  17  6:03  SCV  
  12  6:13  SCV  
  12  6:15  SCV  
  14  6:26  Missile Turret  
  14  6:37  SCV x2  
  16  6:47  Marauder  
  18  6:49  SCV  
  19  7:02  Barracks  
  19  7:03  Barracks  
  19  7:05  SCV  
  20  7:09  SCV  
  21  7:17  SCV  
Show
View Real Time Build Order
Export as new Build Order

Stroid Zerg 

Build Orders: Pool First 

Get SALT Encoding   

  12  0:19  Spawning Pool  
  11  0:23  Drone  
  11  0:28  Drone  
  13  0:36  Overlord  
  13  1:05  Zergling x6  
  13  1:06  Queen  
  18  1:16  Drone  
  19  1:21  Extractor  
  18  1:27  Drone  
  19  1:38  Drone  
  21  1:54  Drone  
  21  2:06  Drone  
  21  2:12  Drone  
  21  2:18  Drone  
  21  2:25  Overlord  
  21  2:26  Metabolic Boost  
  21  2:31  Hatchery  
  21  2:34  Drone  
  21  2:35  Drone  
  22  2:41  Overlord  
  22  2:47  Drone  
  23  3:04  Zergling x6  
  22  3:14  Queen  
  15  3:37  Spine Crawler  
  2  4:46  Drone  
  2  4:49  Drone  
  4  4:56  Drone  
  5  5:13  Drone x2  
  7  5:58  Spine Crawler  
  6  6:17  Drone x3  
  9  6:41  Drone x2  
  11  7:12  Drone x3  
Tags
 
Add a new tag
Caveats
  • Supply blocks, unpowered buildings, or Contaminate may cause inaccurate times.
  • Supply counts are checked every 10 seconds.